 Dungeon Crawl Stone Soup version 0.28.0-53-g5a82cb258f (webtiles) character file.

Game seed: 16277601970302996782

140 Peloso the Covered (level 5, -3/46 HPs)
             Began as a Minotaur Fighter on May 28, 2022.
             Was an Initiate of Okawaru.
             Killed by divine providence
             ... invoked by an orc priest
              (15 damage)
             ... on level 4 of the Dungeon.
             The game lasted 00:03:15 (3505 turns).

Peloso the Covered (Minotaur Fighter)               Turns: 3505, Time: 00:03:15

Health: -3/46      AC:  9    Str: 20    XL:     5   Next: 2%
Magic:  4/4        EV:  7    Int:  5    God:    Okawaru [......]
Gold:   90         SH:  5    Dex: 12    Spells: 4/4 levels left

rFire   . . .      SeeInvis .   a - +0 long sword
rCold   . . .      Faith    .   c - +0 buckler
rNeg    . . .      Spirit   .   n - +0 chain mail
rPois   .          Reflect  .   (helmet restricted)
rElec   .          Harm     .   (no cloak)
rCorr   .          Rampage  .   (no gloves)
Will    .....                   (no boots)
Stlth   ..........              (no amulet)
HPRegen 0.15/turn               (no ring)
MPRegen 0.09/turn               (no ring)

@: invisible
A: horns 2, retaliatory headbutt
a: Renounce Religion


You were on level 4 of the Dungeon.
You worshipped Okawaru.
Okawaru was noncommittal.
You visited 2 branches of the dungeon, and saw 5 of its levels.

You collected 90 gold pieces.

Inventory:

Hand Weapons
 a - a +0 long sword (weapon)
Armour
 b - a +0 scale mail
 c - a +0 buckler (worn)
 n - a +0 chain mail (worn)
Jewellery
 j - a ring of resist corrosion
Wands
 o - a wand of paralysis (7)
Scrolls
 e - a scroll of torment {unknown}
 i - 3 scrolls of identify {unknown}
 k - a scroll of fear {unknown}
Potions
 d - a potion of might
 f - a potion of degeneration {unknown}
 g - a potion of invisibility
 h - a potion of ambrosia {unknown}
 l - 2 potions of curing
 m - a potion of berserk rage {unknown}
 p - a potion of flight {unknown}


   Skills:
 + Level 4.1 Fighting
 + Level 4.1 Long Blades
 + Level 5.1 Armour
 + Level 0.7 Dodging
 + Level 0.2 Stealth
 + Level 4.1 Shields


You had 4 spell levels left.
You didn't know any spells.
Your spell library contained the following spells:

 Spells                   Type           Power      Damage    Failure   Level
 Beastly Appendage        Tmut           0%         N/A       100%        1
 Magic Dart               Conj           0%         1d3       100%        1
 Sting                    Tmut/Pois      0%         1d3       100%        1
 Passwall                 Tmut/Erth      0%         N/A       100%        2
 Wereblood                Tmut           0%         N/A       100%        2
 Mephitic Cloud           Conj/Pois/Air  0%         N/A       100%        3
 Spider Form              Tmut/Pois      0%         N/A       100%        3
 Alistair's Intoxication  Tmut/Pois      0%         N/A       100%        5
 Call Imp                 Summ           Unusable   N/A       N/A         2

Dungeon Overview and Level Annotations

Branches:
Dungeon (4/15)             Temple (1/1) D:4

Altars:
Ashenzari
Elyvilon
Okawaru
Ru
Vehumet
Zin

Shops:
D:4 (*


Innate Abilities, Weirdness & Mutations

You have a pair of horns on your head.
You reflexively headbutt those who attack you in melee.


Message History

Deactivating autopickup; reactivate with Ctrl-A.
You block the orc's attack. You block the orc priest's attack.
The orc wizard casts a spell at you.
You are confused.
You hit the orc priest.
The orc priest is heavily wounded.
You feel very sick. The orc barely misses you.
The orc priest barely misses you.
The orc wizard hits you but does no damage.
Unknown command.
You closely miss the orc priest. Your headbutt misses the orc priest.
The orc priest is heavily wounded.
* * * LOW HITPOINT WARNING * * *
You feel very sick.
The orc hits you from afar with a +0 trident of venom.
* * * LOW HITPOINT WARNING * * *
You are more poisoned.
The orc priest hits you but does no damage.
The orc priest calls upon Beogh to heal the orc wizard.
The orc wizard is healed somewhat.
The orc wizard closely misses you. The orc hits you but does no damage.
It was a potion of invisibility.
You fade into invisibility!
* * * LOW HITPOINT WARNING * * *
You feel very sick.
The orc priest hits you but does no damage.
The orc wizard hits you with a +0 dagger.
* * * LOW HITPOINT WARNING * * *
The orc hits you from afar with a +0 trident of venom.
* * * LOW HITPOINT WARNING * * *
You are more poisoned.
Unknown command.
It was a potion of curing.
You feel better. The orc priest closely misses you.
The orc wizard barely misses you. The orc closely misses you.
You catch the helpless orc priest completely off-guard!
You hit the orc priest. You headbutt the orc priest.
The orc priest is almost dead.
The orc priest calls down the wrath of Beogh upon you.
Beogh smites you!
You die...

##..# ?.# #.. #..#
..####.. ### #..##
....#.. #.## ##..#
#..... ##.## #..#
#.... #..###..##
#...# ###..##...##
#...#
#.....#....####o.#
####.......#.@oo.###
#.........o.....#
#..................
#...†...............
#...................
#...................
##.................#.
##................(##
#..................#


You could see 2 orc priests, an orc wizard and an orc.

Vanquished Creatures
  A hound (D:4)
  An iguana (D:4)
  3 adders
  A worm (D:3)
  A dart slug (D:1)
  3 orcs (D:4)
  4 endoplasms
  2 giant cockroaches
  7 goblins
  3 hobgoblins
  4 jackals (D:4)
  A quokka (D:2)
  A ball python (D:3)
  2 bats (D:1)
  3 frilled lizards (D:1)
  9 kobolds
  6 rats
52 creatures vanquished.

Notes
Turn   | Place    | Note
-------+----------+-------------------------------------------
     0 | D:1      | Peloso the Minotaur Fighter began the quest for the Orb.
     0 | D:1      | Reached XP level 1. HP: 19/19 MP: 0/0
   463 | D:1      | You fall into a shaft and drop 1 floor!
   480 | D:2      | Reached XP level 2. HP: 27/27 MP: 1/1
   493 | D:2      | Reached skill level 4 in Armour
   827 | D:2      | Reached XP level 3. HP: 21/33 MP: 2/2
  2832 | D:4      | Found Nenuzad's General Store.
  2908 | D:4      | Got the Guide on Cloudy Transmigration
  2998 | D:4      | Found a staircase to the Ecumenical Temple.
  3008 | D:4      | Found Ligestruus's Weapon Boutique.
  3021 | Temple   | Entered the Ecumenical Temple
  3029 | Temple   | Became a worshipper of Warmaster Okawaru
  3053 | D:4      | Reached XP level 4. HP: 39/40 MP: 3/3
  3147 | D:4      | Reached skill level 5 in Armour
  3369 | D:4      | Reached XP level 5. HP: 35/46 MP: 4/4
  3505 | D:4      | Killed from afar by an orc priest

Illustrated notes

Levels and vault maps discovered:
D:1:      mrwooster_arrival_statue_3, layout_loops_ring
D:2:      layout_rooms, minmay_pentomino_w2
D:3:      layout_loops_ring, serial_co_window_serial, co_window_paths_b,
          co_window_corner_a, co_window_paths_a, co_window_corner_a,
          co_window_paths_b, co_window_2corner, co_window_paths_c,
          co_window_corner_b, co_window_4corner_a, glass_columns_a,
          glass_columns_a
D:4:      layout_layer_cave, temple_statues, serial_shops, nicolae_shop_stone,
          nicolae_shop_stone
Temple:   regret_index_temple_mists

Skill      XL: |  1  2  3  4 |
---------------+-------------+-----
Armour         | 4 5 |  5.1
Long Blades    | 3 4 |  4.1
Shields        | 4 |  4.1
Fighting       | 4 |  4.1
Dodging        | |  0.7
Stealth        | |  0.2

Action                   |  1- 3 |  4- 6 || total
-------------------------+-------+-------++-------
Melee: Long sword        |   115 |    25 ||   140
       Headbutt          |    11 |     3 ||    14
  Use: Potion            |       |     2 ||     2
 Stab: Invisible         |       |     1 ||     1
Armor: Scale mail        |    44 |       ||    44
       Chain mail        |    36 |    21 ||    57
Dodge: Dodged            |    60 |    19 ||    79
Block: Buckler           |    25 |     9 ||    34
